 Dungeon Crawl Stone Soup version 0.30-a0-465-g8901f6c8b5 (webtiles) character file.

Game seed: 7472583486566068219

147 bande the Covered (level 5, 0/33 HPs)
             Began as a Gargoyle Fighter on Dec 18, 2022.
             Slain by an ogre
             ... wielding a +0 giant club
              (12 damage)
             ... on level 4 of the Dungeon.
             The game lasted 00:04:21 (1960 turns).

bande the Covered (Gargoyle Fighter)                Turns: 1960, Time: 00:04:22

Health: 0/33       AC: 13    Str: 26    XL:     5   Next: 29%
Magic:  5/5        EV:  8    Int:  8    God:
Gold:   194        SH:  9    Dex: 11    Spells: 4/4 levels left

rFire   . . .      SeeInvis .    a - +0 war axe
rCold   . . .      Faith    .    c - +0 buckler
rNeg    + . .      Spirit   .    i - +0 chain mail
rPois   ∞          Reflect  +    (no helmet)
rElec   +          Harm     .    (no cloak)
rCorr   .          Rampage  .    (no gloves)
Will    .....                    (no boots)
Stlth   ..........               m - amulet of reflection
HPRegen 0.25/turn                k - ring of flight
MPRegen 0.09/turn                t - +6 ring of strength

@: flying
A: sickness immunity, AC +4, negative energy resistance 1, electricity
resistance, torment resistance 1, petrification resistance
a: no special abilities


You were on level 4 of the Dungeon.
You visited 1 branch of the dungeon, and saw 4 of its levels.

You collected 194 gold pieces.

Inventory:

Hand Weapons
 a - a +0 war axe (weapon)
 g - a +1 mace of protection
Armour
 c - a +0 buckler (worn)
 i - a +0 chain mail (worn)
Jewellery
 k - a ring of flight (left hand)
 m - an amulet of reflection (around neck)
 r - a ring of wizardry
 t - a +6 ring of strength (right hand)
 v - a ring of magical power
Scrolls
 f - 3 scrolls of identify {unknown}
 j - a scroll of fear {unknown}
 l - 3 scrolls of teleportation {unknown}
 s - a scroll of amnesia {unknown}
Potions
 b - a potion of brilliance {unknown}
 d - a potion of might
 e - a potion of haste {unknown}
 h - a potion of flight {unknown}
 n - a potion of degeneration {unknown}
 o - a potion of ambrosia {unknown}
 p - 2 potions of curing {unknown}
 q - a potion of berserk rage {unknown}
 u - 2 potions of resistance {unknown}


   Skills:
 + Level 4.0 Fighting
 + Level 3.4 Axes
 + Level 4.1 Armour
 - Level 0.1 Dodging
 + Level 3.9 Shields


You had 4 spell levels left.
You didn't know any spells.
Your spell library contained the following spells:

 Spells                   Type           Power      Damage    Failure   Level
 Summon Small Mammal      Summ           0%         N/A       98%         1
 Call Canine Familiar     Summ           0%         N/A       100%        3
 Dazzling Flash           Conj/Hex       0%         N/A       100%        3
 Kindle Blastsparks       Fire/Tloc/Air  0%         2d10      100%        3
 Summon Guardian Golem    Hex/Summ       0%         N/A       100%        3
 Fulminant Prism          Conj/Hex       0%         3d5       100%        4
 Iskenderun's Mystic Bla  Conj/Tloc      0%         2d3       100%        4
 Lee's Rapid Deconstruct  Erth           0%         3d4*      100%        5
 Starburst                Conj/Fire      0%         6d3       100%        6


Dungeon Overview and Level Annotations

Branches:
Dungeon (4/15)
 Temple: D:4-7

Altars:

Shops:
D:3 *


Innate Abilities, Weirdness & Mutations

You are immune to sickness and miasma.
Your stone body is resilient. (AC +4)
You are immune to poison.
You resist negative energy. (rN+)
You are resistant to electric shocks. (rElec)
You are resistant to unholy torment.
You are immune to petrification.


Message History

The scorpion is moderately wounded.
You hit the goblin but do no damage. The scorpion closely misses you.
The goblin hits you but does no damage.
You slash the scorpion!
The scorpion is almost dead.
You hit the goblin. You block the scorpion's attack.
The goblin barely misses you. The scorpion stings you.
The goblin hits you but does no damage.
You hit the scorpion.
You kill the scorpion!
You barely miss the goblin. You block the goblin's attack.
Your Fighting skill increases to level 4!
You have reached level 5!
You barely miss the goblin.
The goblin is moderately wounded.
The goblin hits you but does no damage.
You slash the goblin!
You kill the goblin!
No target in view!
No target in view!
No target in view!
No target in view!
No target in view!
No target in view!
HP restored.
An ogre comes into view. It is wielding a +0 giant club.
You see here a +0 club.
An ogre is nearby!
The ogre shouts!
An endoplasm comes into view.
The endoplasm quivers.
The ogre hits you with a +0 giant club.
You hit the ogre but do no damage. The ogre barely misses you.
You hit the ogre but do no damage. The ogre hits you with a +0 giant club!
The endoplasm freezes you.
You are frozen.
You barely miss the ogre. You slash the endoplasm!
You kill the endoplasm!
The ogre hits you with a +0 giant club!
You die...

..............
.............
............
...........#
...........#
.........?.# ...
.......O...# [...#
.......@...## #....#
............##+##.....#
...........)†........#
....................#
...................#
#.................##
#....##..........##
#.....##........##
#......#.......##


You could see an ogre.

Vanquished Creatures
  A scorpion (D:4)
  2 adders (D:2)
  4 worms
  A dart slug (D:3)
  3 orcs (D:3)
  6 ball pythons
  4 endoplasms
  5 giant cockroaches
  6 goblins
  4 hobgoblins
  A quokka (D:3)
  6 bats
  3 frilled lizards
  6 kobolds
  3 rats
55 creatures vanquished.

Notes
Turn   | Place    | Note
-------+----------+-------------------------------------------
     0 | D:1      | bande the Gargoyle Fighter began the quest for the Orb.
     0 | D:1      | Reached XP level 1. HP: 14/14 MP: 1/1
    97 | D:1      | Reached XP level 2. HP: 13/19 MP: 2/2
   647 | D:2      | Reached XP level 3. HP: 23/23 MP: 3/3
   752 | D:2      | You are sucked into a shaft and drop 1 floor!
  1025 | D:2      | Reached XP level 4. HP: 29/29 MP: 4/4
  1484 | D:3      | Found a faded altar of an unknown god.
  1578 | D:3      | Found Ushuroor's General Store.
  1935 | D:4      | Noticed a scorpion
  1942 | D:4      | Killed a scorpion
  1943 | D:4      | Reached XP level 5. HP: 30/33 MP: 5/5
  1952 | D:4      | Noticed an ogre
  1960 | D:4      | Slain by an ogre

Illustrated notes

Levels and vault maps discovered:
D:1:      elethiomel_arrival_quiet, layout_rooms
D:2:      layout_basic, roderic_cross_of_infinity
D:3:      layout_rooms, dreamdust_ecumenical_altar_angels_and_demons,
          serial_shops, shop_statue
D:4:      minmay_inner_zag, layout_layer_cave, gammafunk_ghost_grave,
          kennysheep_orc_chapel

Skill      XL: |  1  2  3  4 |
---------------+-------------+-----
Axes           | 2 3 |  3.4
Armour         | 4 |  4.1
Fighting       | 4 |  4.0
Dodging        | |  0.1
Shields        | |  3.9

Action                   |  1- 3 |  4- 6 || total
-------------------------+-------+-------++-------
Melee: War axe           |   105 |    67 ||   172
Armor: Scale mail        |    13 |       ||    13
       Chain mail        |    53 |    39 ||    92
Dodge: Dodged            |    39 |    25 ||    64
Block: Buckler           |    34 |    39 ||    73
       Reflection        |     2 |     1 ||     3

Table legend: (Time is in decaauts)
 A = Elapsed time spent in this place.
 B = Non-inter-level travel time spent in this place.
 C = Inter-level travel time spent in this place.
 D = Time resting spent in this place.
 E = Time spent auto-exploring this place.
 F = Levels seen in this place.
 G = Mean time per level.
                   A        B        C        D        E       F      G
               +--------+--------+--------+--------+--------+-----+--------+
         Total |   2029 |   2004 |     25 |      0 |   1451 |   4 |  507.2 |
       Dungeon |   2029 |   2004 |     25 |      0 |   1451 |   4 |  507.2 |
               +--------+--------+--------+--------+--------+-----+--------+

Top non-repeatable levels by time:
     D:2: 627 daAuts
     D:3: 608 daAuts
     D:1: 530 daAuts
     D:4: 262 daAuts
